Map: Automaton LE

Players

Kelazhur - Winner!

  • Race: Terran Terran
  • Spawn Location: 3:00

Rail

  • Race: Protoss Protoss
  • Spawn Location: 9:00

Event: IEM Season 13: Katowice (2019)

VOD

Have the link to the VOD?

Description

Time

  • Played on: Feb. 26, 2019, 6:06 a.m.
  • Length: 11:52

All games in this series

Show
View Real Time Build Order
Export as new Build Order

Kelazhur Terran - Winner!

Build Orders:  

Get SALT Encoding   

  12  0:00  SCV  
  13  0:13  SCV  
  14  0:18  Supply Depot  
  14  0:25  SCV  
  15  0:29  Refinery  
  15  0:39  SCV  
  16  0:45  Barracks  
  16  0:51  SCV  
  17  1:03  SCV  
  18  1:15  SCV  
  19  1:32  Orbital Command, Marine  
  20  1:36  Factory  
  20  1:42  Supply Depot  
  20  1:51  Barracks Reactor  
  20  1:58  SCV  
  21  2:10  SCV  
  21  2:14  Command Center  
  22  2:22  SCV  
  23  2:31  Hellion x2  
  23  2:32  Supply Depot  
  23  2:35  SCV  
  28  2:44  Marine  
  28  2:47  SCV  
  30  2:54  Hellion x2  
  30  2:58  Supply Depot  
  34  3:02  Barracks Tech Lab, Refinery  
  35  3:05  SCV  
  35  3:17  SCV  
  36  3:29  SCV  
  36  3:30  Orbital Command  
  35  3:38  Marine x2  
  35  3:39  Siege Tank  
  38  3:42  SCV  
  39  3:54  SCV  
  40  3:56  Marine x2  
  40  3:57  SCV  
  40  3:58  Barracks  
  43  4:06  SCV  
  43  4:09  SCV  
  45  4:11  Cyclone  
  45  4:14  Marine x2  
  50  4:18  SCV  
  50  4:21  SCV  
  50  4:22  Starport  
  52  4:24  Supply Depot  
  52  4:30  SCV  
  53  4:33  Barracks, SCV  
  53  4:34  Marine x2  
  56  4:42  SCV  
  56  4:45  SCV  
  58  4:54  Marine x2, SCV, Supply Depot  
  58  4:55  Marine  
  58  4:56  Stimpack  
  58  4:57  SCV  
  58  4:58  Engineering Bay  
  63  5:06  SCV  
  64  5:07  Refinery  
  64  5:09  SCV  
  65  5:14  Marine x2  
  65  5:15  Marauder, Starport Reactor  
  65  5:16  Factory Reactor  
  65  5:18  SCV  
  70  5:22  Barracks Tech Lab  
  70  5:23  SCV, Supply Depot  
  70  5:25  Terran Infantry Weapons Level 1  
  71  5:30  SCV, Supply Depot  
  71  5:32  Marine x2  
  74  5:36  Marauder  
  74  5:41  SCV  
  74  5:42  Combat Shield  
  77  5:43  SCV  
  77  5:45  Marauder  
  78  5:52  Supply Depot  
  78  5:55  Missile Turret x2  
  78  5:57  Medivac x2  
  78  5:58  Marine x2  
  78  6:00  Marauder  
  86  6:07  Marauder  
  86  6:10  SCV x2  
  90  6:13  Supply Depot  
  88  6:18  Refinery  
  88  6:19  Marine x2  
  88  6:21  Marauder  
  92  6:29  Medivac  
  94  6:34  Marauder  
  96  6:44  Marauder, Marine x2  
  96  6:46  Supply Depot  
  96  6:49  SCV x2  
  92  6:56  Marauder  
  92  6:57  Concussive Shells  
  92  7:01  SCV x2  
  93  7:03  Medivac x2  
  84  7:09  Marauder, Marine x2  
  84  7:10  Widow Mine x2  
  84  7:13  SCV x2  
  92  7:19  Terran Infantry Armor Level 1  
  83  7:26  Marauder  
  83  7:28  SCV  
  84  7:35  Command Center, Widow Mine x2  
  86  7:38  Marauder, Marine  
  88  7:45  Medivac  
  88  7:47  Marine  
  91  7:54  Barracks  
  91  7:55  Armory  
  91  7:56  Marauder, Barracks  
  91  7:57  Widow Mine  
  95  7:59  Widow Mine  
  95  8:02  Marauder  
  95  8:05  Marine  
  100  8:09  Marine  
  98  8:23  SCV  
  98  8:24  SCV  
  98  8:26  Marine  
  98  8:27  Marauder x2, Marine, Supply Depot  
  105  8:29  Widow Mine x2  
  101  8:42  Medivac x2  
  101  8:44  Marine x2  
  101  8:45  Barracks Tech Lab, Barracks Reactor  
  101  8:48  Marauder  
  105  8:53  Marauder  
  105  9:01  SCV x2  
  105  9:02  Marine x2  
  108  9:07  Marauder  
  111  9:13  Marauder  
  111  9:15  Marauder, Medivac x2  
  121  9:17  Widow Mine  
  121  9:26  Orbital Command  
  121  9:27  SCV x2  
  121  9:30  Marauder, Marine  
  126  9:32  Marine x3  
  126  9:35  Terran Infantry Weapons Level 2  
  129  9:39  SCV x2  
  129  9:43  Marauder  
  129  9:45  Supply Depot  
  133  9:52  Marauder, Marine  
  133  9:54  Marauder  
  133  9:59  Medivac  
  125  10:01  Marine  
  125  10:04  Marauder  
  123  10:08  Marine x2  
  123  10:09  Refinery  
  123  10:10  Marine  
  123  10:11  Widow Mine  
  123  10:12  Widow Mine  
  123  10:14  Marauder  
  129  10:15  Marauder, Supply Depot  
  129  10:16  SCV x2  
  129  10:25  Medivac  
  129  10:26  Marauder  
  125  10:29  Marine x2  
  125  10:30  Marine x2  
  125  10:35  Marauder  
  129  10:36  Medivac  
  129  10:37  Marauder, Widow Mine  
  125  10:46  Marine  
  125  10:47  Marauder, Marine x3  
  124  10:55  Medivac  
  124  10:56  Marauder  
  122  11:00  Command Center  
  122  11:01  Marauder  
  122  11:02  Engineering Bay  
  122  11:03  Widow Mine x2  
  128  11:04  Marine x2  
  128  11:06  Medivac  
  128  11:07  Marine x2  
  128  11:08  Marauder  
  128  11:11  Supply Depot  
  136  11:17  Marine  
  137  11:22  Marauder  
  137  11:24  Widow Mine x2  
  137  11:33  Marine  
  137  11:34  Marine x3  
Show
View Real Time Build Order
Export as new Build Order

Rail Protoss 

Build Orders: 1 Gate Expand, Oracle Opening 

Get SALT Encoding   

  12  0:00  Probe  
  13  0:12  Probe  
  14  0:18  Pylon  
  14  0:24  Probe  
  15  0:32  Probe  
  15  0:37  Gateway  
  15  0:40  Probe  
  17  0:51  Probe  
  17  0:52  Assimilator  
  18  1:03  Probe  
  19  1:15  Probe  
  20  1:27  Nexus  
  20  1:33  Probe  
  20  1:38  Assimilator  
  21  1:45  Pylon, Probe  
  22  1:55  Zealot  
  22  2:00  Cybernetics Core  
  22  2:06  Probe  
  25  2:18  Probe  
  26  2:28  Stalker  
  26  2:32  Probe  
  27  2:37  Stargate  
  27  2:38  Warp Gate  
  27  2:40  Probe  
  30  2:46  Probe  
  30  2:48  Stalker  
  31  2:55  Probe  
  34  2:59  Probe  
  35  3:07  Probe  
  35  3:11  Probe, Oracle  
  37  3:17  Stalker  
  40  3:34  Probe x2  
  40  3:38  Pylon  
  41  3:46  Probe x2  
  39  3:55  Probe  
  39  3:58  Twilight Council, Probe  
  39  4:03  Probe  
  39  4:07  Gateway  
  39  4:09  Probe  
  40  4:13  Probe  
  40  4:14  Blink  
  42  4:17  Probe  
  42  4:18  Gateway  
  43  4:25  Probe x2  
  43  4:30  Stalker  
  47  4:36  Probe  
  47  4:37  Probe  
  49  4:41  Pylon  
  49  4:48  Probe  
  49  4:49  Probe  
  51  4:54  Stalker  
  53  5:00  Probe  
  53  5:03  Stalker  
  58  5:14  Pylon  
  58  5:17  Gateway, Probe  
  58  5:19  Gateway  
  57  5:27  Stalker  
  59  5:28  Gateway  
  59  5:34  Stalker  
  61  5:48  Nexus  
  61  5:51  Pylon  
  61  5:57  Stalker x2  
  61  6:01  Stalker  
  67  6:09  Gateway  
  67  6:17  Stalker x2  
  71  6:20  Stalker x2  
  71  6:25  Stalker  
  77  6:30  Pylon  
  75  6:54  Charge  
  75  6:57  Stalker x5  
  73  7:10  Zealot, Stalker  
  73  7:11  Probe x2  
  73  7:13  Probe  
  69  7:23  Probe x2  
  69  7:26  Probe  
  68  7:33  Pylon  
  68  7:35  Probe  
  68  7:36  Probe  
  70  7:38  Probe  
  70  7:39  Sentry  
  70  7:40  Zealot x5  
  70  7:41  Zealot  
  81  7:48  Probe x2  
  81  7:49  Gateway  
  81  7:50  Probe  
  80  7:53  Pylon  
  80  8:00  Probe  
  80  8:01  Stalker  
  80  8:02  Zealot, Stalker  
  80  8:03  Probe  
  88  8:06  Probe  
  88  8:09  Zealot, Stalker  
  93  8:17  Zealot x2  
  95  8:30  Zealot x3, Stalker  
  73  8:42  Zealot, Stalker  
  73  8:43  Zealot x2  
  79  8:52  Zealot x2, Stalker  
  79  8:54  Assimilator  
  79  8:56  Assimilator  
  79  8:57  Sentry  
  81  9:05  Zealot x2  
  81  9:06  Zealot x2  
  89  9:13  Stalker x2  
  89  9:16  Zealot  
  95  9:20  Pylon  
  95  9:26  Stalker x2  
  99  9:31  Forge, Zealot x2, Stalker  
  99  9:34  Forge  
  99  9:35  Stalker  
  99  9:37  Pylon  
  107  9:38  Protoss Ground Weapons Level 1, Stalker  
  107  9:39  Protoss Ground Armor Level 1  
  107  9:41  Zealot  
  107  9:45  Pylon  
  107  9:59  Zealot x4, Stalker  
  99  10:00  Zealot  
  99  10:06  Zealot x2  
  89  10:21  Sentry, Zealot x3  
  89  10:27  Zealot x2  
  89  10:28  Zealot x2  
  83  10:41  Zealot x2  
  83  10:42  Zealot  
  75  10:45  Zealot  
  75  10:49  Zealot x3  
  77  10:54  Stalker  
  77  11:01  Stalker  
  77  11:02  Stalker x2  
  83  11:06  Sentry  
  83  11:09  Stalker x3  
  91  11:18  Sentry  
  91  11:25  Zealot x2, Stalker  
  79  11:34  Zealot x2, Stalker  
  79  11:35  Zealot  
  71  11:43  Zealot  
  71  11:46  Zealot x2  

Tags
 
Add a new tag
Caveats
  • Supply blocks, unpowered buildings, or Contaminate may cause inaccurate times.
  • Supply counts are checked every 10 seconds.